Map: Frozen Temple

Players

Welmu

  • Race: Protoss Protoss
  • League: Grandmaster

LiquidTLO (TLO) - Winner!

  • Race: Zerg Zerg
  • League: Grandmaster

VOD

Have the link to the VOD?

Description

Time

  • Played on: July 3, 2016, 12:42 p.m.
  • Length: 7:59
Show
View Real Time Build Order
Export as new Build Order

Welmu Protoss 

Build Orders: 1 Gate Expand 

Get SALT Encoding   

  12  0:00  Probe (Chrono Boost)  
  13  0:11  Probe (Chrono Boost)  
  14  0:19  Pylon  
  14  0:22  Probe (Chrono Boost)  
  15  0:38  Gateway, Probe (Chrono Boost)  
  16  0:45  Assimilator  
  16  0:48  Probe (Chrono Boost)  
  17  0:59  Probe (Chrono Boost)  
  18  1:09  Probe (Chrono Boost)  
  19  1:20  Probe (Chrono Boost)  
  19  1:25  Nexus  
  20  1:34  Cybernetics Core  
  20  1:37  Probe (Chrono Boost)  
  21  1:43  Assimilator  
  21  1:47  Probe (Chrono Boost)  
  21  1:53  Pylon  
  22  1:58  Probe (Chrono Boost)  
  23  2:11  Adept (Chrono Boost), Warp Gate, Probe  
  26  2:23  Twilight Council, Probe  
  27  2:35  Adept (Chrono Boost), Probe  
  27  2:36  Probe  
  31  2:46  Probe  
  31  2:47  Probe  
  33  2:57  Probe  
  32  2:59  Probe, Resonating Glaives (Chrono Boost)  
  32  3:04  Adept  
  36  3:08  Probe  
  38  3:14  Mothership Core  
  38  3:15  Pylon  
  38  3:18  Probe  
  40  3:29  Probe  
  41  3:36  Probe  
  41  3:39  Probe  
  41  3:41  Pylon  
  41  3:45  Pylon  
  41  3:48  Probe  
  41  3:50  Probe  
  41  3:52  Gateway  
  41  3:53  Gateway  
  42  4:00  Probe x2  
  42  4:01  Assimilator  
  44  4:11  Probe (Chrono Boost)  
  44  4:12  Probe (Chrono Boost)  
  46  4:17  Dark Shrine  
  46  4:18  Robotics Facility  
  46  4:23  Probe (Chrono Boost)  
  48  4:24  Probe (Chrono Boost)  
  48  4:30  Pylon  
  48  4:33  Adept  
  48  4:34  Probe (Chrono Boost)  
  48  4:35  Probe (Chrono Boost)  
  48  4:36  Pylon  
  52  4:44  Probe (Chrono Boost)  
  52  4:45  Probe (Chrono Boost)  
  54  4:49  Adept x2  
  54  4:50  Pylon  
  58  4:59  Adept  
  60  5:04  Warp Prism (Chrono Boost)  
  62  5:08  Nexus  
  62  5:10  Pylon  
  62  5:16  Adept x2  
  62  5:19  Adept  
  68  5:37  Stalker x2  
  58  5:50  Adept, Probe  
  58  5:57  Gateway  
  56  5:59  Gateway  
  56  6:00  Dark Templar  
  56  6:01  Dark Templar, Gateway  
  58  6:05  Probe  
  58  6:08  Probe  
  25  6:26  Pylon  
  25  6:27  Pylon  
  25  6:28  Pylon  
  14  6:35  Dark Templar x2  
  8  7:14  Dark Templar  
  8  7:15  Zealot x3  
Show
View Real Time Build Order
Export as new Build Order

LiquidTLO Zerg - Winner!

Build Orders: Hatch First 

Get SALT Encoding   

  12  0:00  Drone  
  13  0:13  Overlord  
  13  0:17  Drone  
  14  0:32  Drone  
  14  0:33  Drone  
  16  0:49  Hatchery  
  15  0:52  Drone  
  15  0:56  Drone  
  17  1:04  Extractor  
  16  1:13  Spawning Pool  
  16  1:15  Drone  
  16  1:20  Drone  
  16  1:23  Drone  
  18  1:29  Drone  
  19  1:39  Overlord  
  19  2:00  Zergling x2  
  19  2:01  Queen x2  
  20  2:02  Drone  
  25  2:08  Metabolic Boost  
  25  2:14  Evolution Chamber  
  24  2:17  Drone  
  25  2:25  Zergling x4  
  25  2:27  Zergling x2  
  28  2:35  Zergling x2  
  29  2:42  Zergling x2  
  29  2:43  Zergling x2  
  31  2:46  Zergling x4  
  33  2:57  Overlord  
  33  2:59  Drone  
  33  3:00  Zerg Melee Weapons Level 1  
  34  3:09  Drone  
  34  3:10  Drone  
  36  3:14  Overlord  
  36  3:15  Drone  
  37  3:31  Drone x2  
  37  3:32  Overlord  
  37  3:33  Drone  
  39  3:35  Drone  
  39  3:37  Drone  
  39  3:38  Drone  
  39  3:40  Drone  
  41  3:42  Drone  
  41  3:44  Drone  
  41  3:48  Drone  
  40  3:55  Baneling Nest  
  39  3:56  Extractor  
  39  3:57  Pneumatized Carapace  
  39  3:59  Zergling x2  
  39  4:02  Zergling x2  
  39  4:03  Zergling x2  
  39  4:06  Zergling x2  
  39  4:07  Zergling x2  
  42  4:12  Zergling x4  
  42  4:14  Zergling x2  
  42  4:16  Zergling x2  
  46  4:18  Zergling x2  
  46  4:21  Zergling x2  
  46  4:23  Zergling x2  
  46  4:24  Zergling x2  
  50  4:27  Zergling x2  
  50  4:28  Zergling x2  
  52  4:32  Zergling x2  
  53  4:39  Baneling x6  
  53  4:40  Zergling x2  
  53  4:41  Zergling x2  
  55  4:46  Zergling x2  
  55  4:47  Zergling x2  
  55  4:50  Zergling x4  
  60  4:52  Zergling x2  
  60  5:00  Overlord  
  60  5:03  Overlord  
  60  5:08  Overlord  
  60  5:18  Overlord  
  60  5:20  Zergling x10  
  64  5:31  Zergling x2  
  64  5:32  Zergling x2  
  64  5:33  Zergling x4  
  64  5:34  Zergling x2  
  69  5:40  Zergling x2  
  69  5:42  Zergling x2  
  61  5:50  Zergling x2  
  61  5:51  Zergling x6  
  61  5:52  Zergling x6  
  61  5:56  Zergling x2  
  68  5:57  Baneling  
  68  5:58  Baneling  
  67  6:04  Zergling x2  
  67  6:05  Zergling x2  
  67  6:15  Zergling x2  
  67  6:17  Spore Crawler x2  
  67  6:18  Zergling x2  
  67  6:21  Zergling x2  
  67  6:22  Zergling x2  
  65  6:27  Baneling x2  
  65  6:28  Spore Crawler x2  
  65  6:29  Zergling x2  
  63  6:34  Baneling  
  63  6:35  Baneling, Spore Crawler  
  63  6:36  Spore Crawler  
  61  6:43  Spore Crawler  
  51  6:55  Zergling x2  
  42  7:15  Spore Crawler  
  39  7:20  Drone  
  38  7:26  Zergling x4  
  38  7:31  Drone  
  38  7:33  Zergling x2  
Tags
 
Add a new tag
Caveats
  • Supply blocks, unpowered buildings, or Contaminate may cause inaccurate times.
  • Supply counts are checked every 10 seconds.